 Dungeon Crawl Stone Soup version 0.13.0-25-g43d4df3 (webtiles) character file.

253 Kae the Chiller (level 4, -4/30 HPs)
             Began as a Demonspawn Ice Elementalist on Oct 29, 2013.
             Was an Initiate of Jiyva.
             Killed from afar by Sigmund (6 damage)
             ... with a puff of flame
             ... on Level 2 of the Dungeon.
             The game lasted 00:05:54 (2184 turns).

Kae the Chiller (Demonspawn Ice Elementalist)       Turns: 2184, Time: 00:05:55

HP  -4/30        AC  3     Str 13      XL: 4   Next:  9%
MP   8/8         EV 12     Int 17      God: Jiyva [......]
Gold 179         SH  0     Dex 14      Spells:  2 memorised,  4 levels left

Res.Fire  : . . .   See Invis. : .   (no weapon)
Res.Cold  : . . .   Warding    : .   a - +0 robe
Life Prot.: . . .   Conserve   : .   (no shield)
Res.Poison: .       Res.Corr.  : .   (no helmet)
Res.Elec. : .       Clarity    : .   h - +0 cloak
Sust.Abil.: . .     Spirit.Shd : .   (no gloves)
Res.Mut.  : .       Stasis     : .   (no boots)
Res.Rott. : .       Flight     : .   (no amulet)
Saprovore : . . .                    (no ring)
                                     (no ring)

@: confused, mighty, very slightly contaminated, hasted, very quick, slightly
resistant to hostile enchantments, stealthy
A: nightstalker 2
a: Renounce Religion


You were on level 2 of the Dungeon.
You worshipped Jiyva.
Jiyva was noncommittal.
You were not hungry.

You visited 1 branch of the dungeon, and saw 2 of its levels.

You collected 159 gold pieces.

Inventory:

Hand weapons
 j - a +2,+2 whip of venom
Missiles
 g - 15 darts (quivered)
Armour
 a - a +0 robe (worn)
 h - a +0 cloak (worn)
Comestibles
 c - 3 bread rations
 d - a pear
 n - 2 rotting chunks of goblin flesh
Scrolls
 f - 3 scrolls of identify
 i - a scroll of blinking
 l - a scroll of fear
Books
 b - a book of Frost

   Spells                             Type                      Level
   *Freeze                            Ice                          1
   *Throw Frost                       Conjuration/Ice              2
   Ozocubu's Armour                   Charms/Ice                   3
   Throw Icicle                       Conjuration/Ice              4
   Summon Ice Beast                   Ice/Summoning                4
   Condensation Shield                Ice                          4


   Skills:
 - Level 1.7 Dodging
 - Level 1.7 Stealth
 + Level 2.0 Spellcasting
 * Level 2.0 Conjurations
 * Level 3.6 Ice Magic


You had 4 spell levels left.
You knew the following spells:

 Your Spells              Type           Power        Failure   Level  Hunger
a - Freeze                Ice            ##..         4%          1    #......
b - Throw Frost           Conj/Ice       ##....       12%         2    ##.....


Dungeon Overview and Level Annotations

Branches:
Dungeon (2/27)

Altars:
Fedhas
Kikubaaqudgha
Jiyva

Annotations:
D:2 Sigmund


Innate Abilities, Weirdness & Mutations

You are significantly more attuned to the shadows.


Message History

You feel very mighty all of a sudden.
It was a potion of might.
It hits you.
Drink which item? (? for menu, Esc to quit)
Magic courses through your body.
It was a potion of magic.
You hear some strange, mumbled words.
You are more confused.
Drink which item? (? for menu, Esc to quit)
You feel yourself speed up.
It was a potion of speed.
It hits you!
* * * LOW HITPOINT WARNING * * *
Ouch! Ouch! It hits you!
* * * LOW HITPOINT WARNING * * *
Ouch!
Something tries to affect you, but you resist.
Jiyva says: Divide and consume!
You're too confused!
Ouch! Ouch! The puff of flame hits you!
Jiyva shields your delectables from destruction.
You die...

#####.# ####'#### #......
#.......# #...... #.......#
#...... #.......# #......
#.......# #...... '.......#
#......
#.......###################......
#.......'.......@................
#.......###################.<....
#....@..# ####### #########


There were no monsters in sight!

Vanquished Creatures
  3 adders (D:2)
  A gnoll (D:1)
  3 giant geckos
  4 oozes (D:2)
  A bat (D:1)
  4 hobgoblins
  3 kobolds
  A quokka (D:2)
  A giant newt (D:1)
  6 goblins
  2 rats
29 creatures vanquished.

Vanquished Creatures (others)
  5 toadstools (D:1)
5 creatures vanquished.

Grand Total: 34 creatures vanquished

Notes
Turn   | Place    | Note
--------------------------------------------------------------
     0 | D:1      | Kae, the Demonspawn Ice Elementalist, began the quest for the Orb.
     0 | D:1      | Reached XP level 1. HP: 13/13 MP: 3/3
   254 | D:1      | Reached skill level 3 in Ice Magic
   322 | D:1      | Gained mutation: You are slightly more attuned to the shadows. [demonic ancestry]
   322 | D:1      | Reached XP level 2. HP: 13/19 MP: 1/4
   754 | D:2      | Found a blossoming altar of Fedhas.
   756 | D:2      | Found an ancient bone altar of Kikubaaqudgha.
   796 | D:2      | Learned a level 2 spell: Throw Frost
   854 | D:2      | Found a viscous altar of Jiyva.
   883 | D:2      | Gained mutation: You are significantly more attuned to the shadows. [demonic ancestry]
   883 | D:2      | Reached XP level 3. HP: 11/24 MP: 0/6
  1379 | D:2      | Became a worshipper of Jiyva Jikoahyl the Shapeless
  1463 | D:2      | Noticed Sigmund
  1900 | D:2      | Reached XP level 4. HP: 25/30 MP: 0/8
  2177 | D:2      | HP: 1/30 [something (12)]
  2184 | D:2      | Killed from afar by Sigmund

Action                   |  1- 3 |  4- 6 || total
-------------------------+-------+-------++-------
Melee: Unarmed           |    48 |    11 ||    59
 Cast: Freeze            |    63 |     2 ||    65
       Throw Frost       |       |     1 ||     1
  Use: Scroll            |     5 |       ||     5
       Potion            |     1 |     3 ||     4
 Stab: Sleeping          |     2 |       ||     2
